 Dungeon Crawl Stone Soup version 0.30-a0-371-gad7725a93e (webtiles) character file.

Game seed: 5722038899763259922

3078 themarg the Destroyer (level 9, -7/71 HPs)
             Began as a Black Draconian Conjurer on Nov 21, 2022.
             Was a Priest of Vehumet.
             Mangled by a wyvern (12 damage)
             ... on level 7 of the Dungeon.
             The game lasted 00:20:38 (8650 turns).

themarg the Destroyer (Black Draconian Conjurer)    Turns: 8650, Time: 00:20:39

Health: -7/71      AC: 11    Str:  9    XL:     9   Next: 58%
Magic:  0/18       EV: 12    Int: 24    God:    Vehumet [***...]
Gold:   359        SH:  5    Dex:  9    Spells: 9/20 levels left

rFire   . . .      SeeInvis .    h - +0 dagger (venom)
rCold   . . .      Faith    .    (no shield)
rNeg    . . .      Spirit   .    (body armour unavailable)
rPois   .          Reflect  +    (helmet restricted)
rElec   +          Harm     .    A - +1 cloak
rCorr   .          Rampage  .    d - +0 pair of gloves
Will    +....                    v - +0 pair of boots
Stlth   ++........               o - amulet of reflection
HPRegen 0.31/turn                D - ring of willpower
MPRegen 0.16/turn                (no ring)

@: no status effects
A: breathe lightning, AC +7, unfitting armour, electricity resistance,
cold-blooded
a: Breathe Lightning, Renounce Religion


You were on level 7 of the Dungeon.
You worshipped Vehumet.
Vehumet was most pleased with you.
You visited 1 branch of the dungeon, and saw 8 of its levels.

You collected 359 gold pieces.

Inventory:

Hand Weapons
 h - a +0 dagger of venom (weapon)
 y - a +2 flail of protection
Missiles
 f - 50 stones
 q - 8 boomerangs
 r - 3 throwing nets
 t - 14 poisoned darts
 G - 6 javelins
Armour
 d - a +0 pair of gloves (worn)
 v - a +0 pair of boots (worn)
 A - a +1 cloak (worn)
Jewellery
 o - an amulet of reflection (around neck)
 D - a ring of willpower (left hand)
Wands
 u - a wand of flame (12)
 x - a wand of paralysis (28)
Scrolls
 c - a scroll of blinking {unknown}
 e - 2 scrolls of amnesia
 k - 3 scrolls of poison
 l - 2 scrolls of fog {unknown}
 n - 2 scrolls of immolation {unknown}
 p - a scroll of fear {unknown}
 s - 2 scrolls of enchant armour {unknown}
 w - a scroll of noise {unknown}
 B - a scroll of vulnerability {unknown}
 F - 2 scrolls of teleportation {unknown}
Potions
 a - 2 potions of magic
 b - 2 potions of flight {unknown}
 g - 2 potions of attraction {unknown}
 i - 3 potions of brilliance
 j - 3 potions of mutation {unknown}
 m - 3 potions of haste
 z - 3 potions of curing
 C - a potion of berserk rage {unknown}
 E - a potion of heal wounds {unknown}


   Skills:
 + Level 3.9 Fighting
 - Level 1.7 Dodging
 - Level 3.0 Stealth
 + Level 6.1 Spellcasting
 - Level 10.0 Conjurations
 - Level 3.0 Hexes
 - Level 3.0 Translocations
 + Level 3.6 Fire Magic


You had 9 spell levels left.
You knew the following spells:

 Your Spells              Type           Power      Damage    Failure   Level
a - Magic Dart            Conj           100%       1d8       1%          1
b - Searing Ray           Conj           100%       2d8       1%          2
c - Fulminant Prism       Conj/Hex       19%        3d10      1%          4
d - Iskenderun's Mystic   Conj/Tloc      38%        2d9       1%          4

Your spell library contained the following spells:

 Spells                   Type           Power      Damage    Failure   Level
 Mephitic Cloud           Conj/Pois/Air  23%        N/A       1%          3
 Dazzling Flash           Conj/Hex       76%        N/A       1%          3
 Inner Flame              Hex/Fire       23%        N/A       1%          3
 Flame Wave               Conj/Fire      39%        2d11      1%          4
 Sticky Flame             Conj/Fire      39%        2d6       1%          4


Dungeon Overview and Level Annotations

Branches:
Dungeon (8/15)             Temple (0/1) D:7
   Lair: D:8-11

Altars:
Elyvilon
Fedhas
Vehumet
Wu Jian
Xom


Innate Abilities, Weirdness & Mutations

You can breathe wild blasts of lightning.
Your glossy black scales are hard. (AC +7)
You cannot fit into any form of body armour.
You are resistant to electric shocks. (rElec)
You are cold-blooded and may be slowed by cold attacks.


Message History

The water moccasin poisons you!
You hit the water moccasin but do no damage.
The water moccasin looks even sicker.
The water moccasin is moderately wounded.
You feel very sick. The wyvern bites you!
* * * LOW HITPOINT WARNING * * *
The water moccasin misses you.
You feel better. You block the wyvern's attack. The water moccasin misses you.
The wyvern barely misses you. The water moccasin bites you.
Casting: Iskenderun's Mystic Blast (dangerous; 1% risk of failure)
Confirm with . or Enter, or press ? or * to list all spells.
Aiming: Searing Ray (safe; 1% risk of failure)
Press: ? - help, Shift-Dir - straight line, f - water moccasin
Aim: a water moccasin (moderately wounded, very poisoned, 72% to hit)
The searing ray hits the water moccasin!
The water moccasin is severely wounded. (Press . to maintain the ray.)
The wyvern bites you.
* * * LOW HITPOINT WARNING * * *
The water moccasin bites you but does no damage.
The searing ray hits the water moccasin!
You kill the water moccasin!
Vehumet accepts your kill.
You feel your power returning. The wyvern barely misses you.
The wyvern misses you.
Casting: Searing Ray (safe; 1% risk of failure)
Confirm with . or Enter, or press ? or * to list all spells.
Restarting spell: Searing Ray (safe; 1% risk of failure)
Press: ? - help, Shift-Dir - straight line, f - wyvern
Aim: a wyvern (moderately wounded, 83% to hit)
The searing ray misses the wyvern. (Press . to maintain the ray.)
The wyvern bites you but does no damage.
You hit the wyvern but do no damage.
The wyvern is poisoned.
The wyvern is moderately wounded.
The wyvern bites you!
* * * LOW HITPOINT WARNING * * *
The wyvern bites you!
You die...

###..#..... #..........
###........ #.........
###<........ ##...........
###............
####.........)....
##@................
#..l..............)
##.......##.......#.
#........##........#
####.............##..#
##.####......##..##....
##...#.##.....##...##...
#........#.>..##........
###........##..##.#.......


You could see a wyvern (very poisoned).

Vanquished Creatures
  Prince Ribbit (D:5)
  A steam dragon (D:6)
  Menkaure (D:6)
  Edmund (D:5)
  5 water moccasins
  An orc warrior (D:6)
  2 ice beasts
  A black bear (D:6)
  2 ogres
  3 centaurs
  Blork the orc (D:6)
  A necrophage (D:6)
  4 wights (D:8)
  2 howler monkeys (D:8)
  A jelly (D:5)
  3 hounds
  2 gnoll boudas
  An orc priest (D:8)
  4 iguanas
  4 orc wizards
  9 adders
  12 gnolls
  2 shadow imps
  2 white imps
  An ufetubus (D:7)
  2 worms (D:2)
  3 dart slugs
  29 orcs
  6 endoplasms
  3 giant cockroaches
  7 goblins
  10 hobgoblins
  9 jackals
  13 kobolds
  A quokka (D:4)
  11 ball pythons
  4 bats
  9 frilled lizards
  2 rats
176 creatures vanquished.

Vanquished Creatures (others)
  A fulminant prism (D:8)
  22 plants
23 creatures vanquished.

Grand Total: 199 creatures vanquished

Notes
Turn   | Place    | Note
-------+----------+-------------------------------------------
     0 | D:1      | themarg the Draconian Conjurer began the quest for the Orb.
     0 | D:1      | Reached XP level 1. HP: 14/14 MP: 3/3
   267 | D:1      | Reached XP level 2. HP: 16/20 MP: 1/5
   321 | D:1      | Learned a level 2 spell: Searing Ray
   708 | D:1      | Reached XP level 3. HP: 26/26 MP: 5/7
  1649 | D:2      | Reached XP level 4. HP: 33/33 MP: 1/8
  2280 | D:3      | Reached XP level 5. HP: 38/38 MP: 8/10
  2511 | D:3      | Found a faded altar of an unknown god.
  2537 | D:3      | Prayed at the altar of an unknown god.
  2537 | D:3      | Became a worshipper of Vehumet
  2537 | D:3      | Reached * piety under Vehumet
  2537 | D:3      | Offered knowledge of Foxfire by Vehumet.
  2565 | D:3      | Reached skill level 5 in Conjurations
  3619 | D:4      | Reached XP level 6. HP: 45/45 MP: 8/11
  3767 | D:4      | Offered knowledge of Static Discharge by Vehumet.
  3801 | D:4      | Reached ** piety under Vehumet
  3889 | D:4      | Reached skill level 6 in Conjurations
  3999 | D:4      | Found a blossoming altar of Fedhas.
  4641 | D:5      | Entered Level 5 of the Dungeon
  4697 | D:5      | Your scales start taking on a glossy black colour.
  4697 | D:5      | Reached XP level 7. HP: 24/49 MP: 9/13
  4697 | D:5      | Gained mutation: You are resistant to electric shocks.
                  | (rElec) [Black Draconian growth]
  4829 | D:5      | Found a white marble altar of Elyvilon.
  4982 | D:5      | Noticed Edmund
  5016 | D:5      | Killed Edmund
  5096 | D:5      | Reached skill level 7 in Conjurations
  5096 | D:5      | Reached skill level 1 in Hexes
  5096 | D:5      | Reached skill level 1 in Translocations
  6106 | D:5      | Noticed Prince Ribbit
  6161 | D:5      | Reached skill level 5 in Spellcasting
  6475 | D:5      | Killed Prince Ribbit
  6476 | D:5      | Reached XP level 8. HP: 30/57 MP: 8/15
  6622 | D:6      | Reached skill level 8 in Conjurations
  6710 | D:6      | Offered knowledge of Stone Arrow by Vehumet.
  6861 | D:6      | Noticed Menkaure
  7061 | D:6      | Killed Menkaure
  7113 | D:6      | Learned a level 4 spell: Fulminant Prism
  7118 | D:6      | Learned a level 4 spell: Iskenderun's Mystic Blast
  7136 | D:6      | Reached skill level 9 in Conjurations
  7179 | D:6      | Found a radiant altar of Vehumet.
  7186 | D:6      | Found a shimmering altar of Xom.
  7294 | D:6      | Noticed Blork the orc
  7300 | D:6      | Killed Blork the orc
  7602 | D:6      | Found an ornate altar of the Wu Jian Council.
  7764 | D:7      | Reached *** piety under Vehumet
  7765 | D:7      | Reached skill level 10 in Conjurations
  7765 | D:7      | Reached XP level 9. HP: 63/63 MP: 10/16
  7861 | D:7      | Found a staircase to the Ecumenical Temple.
  7922 | D:7      | Reached skill level 1 in Fighting
  7922 | D:7      | Reached skill level 1 in Fire Magic
  8294 | D:7      | Paralysed by an orc for 3 turns
  8630 | D:8      | Offered knowledge of Mephitic Cloud by Vehumet.
  8650 | D:7      | Mangled by a wyvern

Illustrated notes

Levels and vault maps discovered:
D:1:      dpeg_arrival_long_road, layout_loops_ring, st_stairs_9
D:2:      layout_basic, grunt_decor_junction
D:3:      layout_basic, dreamdust_ecumenical_altar_statues,
          nicolae_grassy_gnolls
D:4:      layout_loops_ring, mainiacjoe_overflow_six_doors_small
D:5:      layout_layer_cave, mainiacjoe_overflow_small_starburst,
          serial_bayou_lagoon_b, uniq_edmund, uniq_prince_ribbit1
D:6:      layout_rooms, nicolae_wu_jian_immortal_techniques, minitemple,
          dk_noncrumbling_3, grunt_ministairs_3, uniq_blork_the_orc,
          uniq_menkaure
D:7:      layout_cave_pools, minmay_temple_entry_water_ring
D:8:      layout_cave_pools, nicolae_uskayaw_dance_studio,
          nicolae_kikubaaqudgha_miasma_corner, minmay_lair_entry_grove,
          enter_ossuary_3

Skill      XL: |  1  2  3  4  5  6  7  8  9 |
---------------+----------------------------+-----
Stealth        | 2 3 |  3.0
Spellcasting   | 3 4 5 6 |  6.1
Conjurations   | 5 6 7 10 | 10.0
Hexes          | 2 3 |  3.0
Translocations | 2 3 |  3.0
Fighting       | 3 |  3.9
Fire Magic     | 3 |  3.6
Dodging        | |  1.7

Action                   |  1- 3 |  4- 6 |  7- 9 || total
-------------------------+-------+-------+-------++-------
Melee: Short sword       |    17 |       |       ||    17
       Unarmed           |     3 |       |       ||     3
       Tailslap          |     4 |     2 |     2 ||     8
       Dagger            |    17 |    22 |    19 ||    58
 Cast: Magic Dart        |    49 |    82 |    64 ||   195
       Searing Ray       |     9 |    28 |    45 ||    82
       Iskenderun's Myst |       |       |    10 ||    10
       Fulminant Prism   |       |       |     1 ||     1
 Abil: Breathe Lightning |       |       |     5 ||     5
Evoke: Wand              |       |       |     1 ||     1
  Use: Scroll            |       |     3 |     2 ||     5
       Potion            |       |       |     2 ||     2
Armor: Skin              |    12 |     6 |    15 ||    33
Dodge: Dodged            |    32 |    17 |    55 ||   104
Block: Other             |       |     5 |    25 ||    30
       Reflection        |       |     1 |     8 ||     9

Table legend: (Time is in decaauts)
 A = Elapsed time spent in this place.
 B = Non-inter-level travel time spent in this place.
 C = Inter-level travel time spent in this place.
 D = Time resting spent in this place.
 E = Time spent auto-exploring this place.
 F = Levels seen in this place.
 G = Mean time per level.
                   A        B        C        D        E       F      G
               +--------+--------+--------+--------+--------+-----+--------+
         Total |   8662 |   8476 |    186 |   1263 |   6200 |   8 | 1082.8 |
       Dungeon |   8662 |   8476 |    186 |   1263 |   6200 |   8 | 1082.8 |
               +--------+--------+--------+--------+--------+-----+--------+

Top non-repeatable levels by time:
     D:5: 2264 daAuts
     D:3: 1540 daAuts
     D:1: 1140 daAuts
     D:4: 1131 daAuts
     D:7: 877 daAuts
     D:6: 858 daAuts
     D:2: 827 daAuts
     D:8: 22 daAuts
